 Dungeon Crawl Stone Soup version 0.26-a0-540-g8a0c9464d7 (webtiles) character file.

Game seed: 1492225634839929531

53 Gorglomux the Skirmisher (level 3, -2/42 HPs)
             Began as an Ogre Delver on Aug 21, 2020.
             Slain by an orc
             ... wielding a +0 trident
              (6 damage)
             ... on level 3 of the Dungeon.
             The game lasted 00:02:38 (1119 turns).

Gorglomux the Skirmisher (Ogre Delver)              Turns: 1119, Time: 00:02:38

Health: -2/42      AC:  5    Str: 17    XL:     3   Next: 89%
Magic:  3/3        EV: 10    Int: 11    God:
Gold:   54         SH:  0    Dex: 10    Spells: 2/2 levels left

rFire    . . .     SeeInvis .   a - +0 hand axe
rCold    . . .     Faith    .   (no shield)
rNeg     . . .     Spirit   .   b - +0 robe
rPois    .         Reflect  .   f - +2 hat
rElec    .         Harm     .   (no cloak)
rCorr    .                      (gloves unavailable)
MR       .....                  (boots unavailable)
Stlth    ++........             (no amulet)
HPRegen  0.14/turn              (no ring)
MPRegen  0.08/turn              (no ring)

@: no status effects
A: large, unfitting armour, tough skin 1
a: no special abilities


You were on level 3 of the Dungeon.
You visited 1 branch of the dungeon, and saw 4 of its levels.

You collected 54 gold pieces.

Inventory:

Hand Weapons
 a - a +0 hand axe (weapon)
Missiles
 g - 7 poisoned darts (quivered)
Armour
 b - a +0 robe (worn)
 f - a +2 hat (worn)
Wands
 D - a wand of digging (3)
Scrolls
 c - a scroll of fog
 d - a scroll of blinking {unknown}
 M - a scroll of magic mapping
Potions
 H - a potion of haste


   Skills:
 + Level 5.2 Fighting
 + Level 3.2 Axes
 - Level 1.7 Dodging
 - Level 3.7 Stealth


You had 2 spell levels left.
You didn't know any spells.
Your spell library was empty.

Dungeon Overview and Level Annotations

Branches:
Dungeon (6/15)
 Temple: D:4-7

Altars:

Annotations:
D:4 Pikel
D:5 Prince Ribbit


Innate Abilities, Weirdness & Mutations

You are too large for most types of armour.
You have tough skin. (AC +1)


Message History

An orc is nearby!
The orc shouts!
You hear a shout!
An orc comes into view. It is wielding a +0 mace.
The orc shouts!
You hear a shout!
An orc comes into view.
You open the door.
A goblin comes into view.
The goblin shouts!
There is an open door here.
You slash the goblin!
You kill the goblin!
You hit the orc but do no damage. The orc hits you but does no damage.
You barely miss the orc. You slash the orc!
You kill the orc!
You completely miss the orc. The orc hits you with a +0 mace.
You hit the orc.
The orc is almost dead.
The orc hits you but does no damage. x2
You hit the orc.
You kill the orc!
The orc hits you from afar with a +0 trident.
The orc hits you but does no damage.
There is an open door here.
You see here a +0 mace.
You completely miss the orc. The orc hits you but does no damage.
You hit the orc but do no damage. The orc hits you with a +0 trident.
You closely miss the orc. The orc hits you with a +0 trident!
You hit the orc but do no damage. The orc hits you with a +0 trident.
You hit the orc but do no damage. The orc misses you.
The orc hits you with a +0 trident.
You completely miss the orc. The orc closely misses you.
You hit the orc but do no damage. The orc hits you with a +0 trident.
* * * LOW HITPOINT WARNING * * *
You hit the orc.
The orc is lightly wounded.
The orc hits you with a +0 trident!
* * * LOW HITPOINT WARNING * * *
Okay, then.
Evoke which item? (* to show all) (? for menu, Esc to quit)
Okay, then.
Okay, then.
You barely miss the orc.
The orc is lightly wounded.
The orc barely misses you.
You closely miss the orc.
The orc is lightly wounded.
The orc barely misses you.
You hit the orc but do no damage. The orc hits you with a +0 trident.
You die...

#.# #.#.# # #.# #.#.#
.# #.# ###+#####.#.#
..# #.# #.......#.#.#
..# #.#
#.......#.#.##...##
#.#
#.......#>.........
#.#
#.......###+##.....
#.# #####
#..)....##...# ...P
#.###...#
###@######...# ..P
#....o..+
##o######...# .#
#####o..#
#.?.........# P #...#
#.....o.....# #...#
#...........# #...#
#........?..# #....
.........o.....
#.......#.#######'#.o.
#.......#.# ...o..


You could see an orc.

Vanquished Creatures
  An orc wizard (D:6)
  An adder skeleton (D:4)
  A worm (D:4)
  A leopard gecko (D:3)
  6 orcs
  2 goblins (D:3)
  A frilled lizard (D:3)
  A jackal skeleton (D:5)
14 creatures vanquished.

Notes
Turn   | Place    | Note
-------+----------+-------------------------------------------
     0 | D:5      | Gorglomux the Ogre Delver began the quest for the Orb.
     0 | D:5      | Reached XP level 1. HP: 24/24 MP: 1/1
    25 | D:6      | Noticed an orc wizard
    39 | D:5      | Noticed Prince Ribbit
    53 | D:6      | Killed an orc wizard
    53 | D:6      | Reached XP level 2. HP: 17/33 MP: 2/2
    53 | D:6      | Reached XP level 3. HP: 21/41 MP: 3/3
   487 | D:5      | Noticed an ogre
   512 | D:4      | Reached skill level 5 in Fighting
   645 | D:4      | Noticed Pikel
   651 | D:4      | Reached skill level 3 in Axes
   652 | D:4      | Noticed a lemure
   652 | D:4      | Noticed a lemure
   652 | D:4      | Noticed a lemure
   850 | D:3      | HP: 2/42 [orc/+0 flail (9)]
  1119 | D:3      | Slain by an orc

Illustrated notes

Levels and vault maps discovered:
D:3:      cheibrodos_old_hovel, layout_basic, grunt_ministairs_1
D:4:      layout_loops_ring, led_sif_book, minmay_joined_circles, uniq_robin,
          uniq_pikel
D:5:      layout_layer_cave, serial_shops, shop, ebering_ghost_rock_garden,
          tgw_fedhas, uniq_prince_ribbit1, uniq_crazy_yiuf_cottage
D:6:      layout_basic, minmay_temple_entry_proselytizer, st_stairs_11

Skill      XL: |  1  2  3 |
---------------+----------+-----
Fighting       | 5 |  5.2
Axes           | 3 |  3.2
Dodging        | |  1.7
Stealth        | |  3.7

Action                   || total
-------------------------++-------
Melee: Hand axe          ||    66
Evoke: Wand              ||    10
  Use: Scroll            ||     1
 Stab: Paralysed         ||     7
       Sleeping          ||     1
Armor: Robe              ||    13
Dodge: Dodged            ||    31

Table legend: (Time is in decaauts)
 A = Elapsed time spent in this place.
 B = Non-inter-level travel time spent in this place.
 C = Inter-level travel time spent in this place.
 D = Time resting spent in this place.
 E = Time spent auto-exploring this place.
 F = Levels seen in this place.
 G = Mean time per level.
                   A        B        C        D        E       F      G
               +--------+--------+--------+--------+--------+-----+--------+
         Total |   1130 |   1109 |     21 |    440 |    374 |   4 |  282.5 |
       Dungeon |   1130 |   1109 |     21 |    440 |    374 |   4 |  282.5 |
               +--------+--------+--------+--------+--------+-----+--------+

Top non-repeatable levels by time:
     D:5: 456 daAuts
     D:3: 451 daAuts
     D:4: 175 daAuts
     D:6: 47 daAuts
